 Dungeon Crawl Stone Soup version 0.26-a0-487-gbff1e92059 (webtiles) character file.

Game seed: 8707798585949504474

20 BeastOfSaturn the Stinger (level 2, 0/19 HPs)
             Began as a Demonspawn Venom Mage on Aug 2, 2020.
             Succumbed to an adder's poison
             ... on level 2 of the Dungeon.
             The game lasted 00:02:47 (911 turns).

BeastOfSaturn the Stinger (Demonspawn Venom Mage)    Turns: 911, Time: 00:02:48

Health: 0/19       AC:  2    Str:  8    XL:     2   Next: 58%
Magic:  3/5        EV: 11    Int: 16    God:
Gold:   76         SH:  4    Dex: 13    Spells: 2/5 levels left

rFire    . . .     SeeInvis .   (no weapon)
rCold    . . .     Faith    .   b - +1 buckler
rNeg     . . .     Spirit   .   a - +0 robe
rPois    .         Reflect  .   (no helmet)
rElec    .         Harm     .   (no cloak)
rCorr    .                      (no gloves)
MR       .....                  (no boots)
Stlth    ++........             (no amulet)
HPRegen  0.06/turn              (no ring)
MPRegen  0.09/turn              (no ring)

@: lethally poisoned (0 -> -4), stab
A: powered by death 1
a: no special abilities


You were on level 2 of the Dungeon.
You visited 1 branch of the dungeon, and saw 2 of its levels.

You collected 76 gold pieces.

Inventory:

Armour
 a - a +0 robe (worn)
 b - a +1 buckler (worn)
Scrolls
 c - a scroll of remove curse
 d - a scroll of enchant armour
Potions
 e - a potion of degeneration {unknown}
 f - a potion of stabbing
 g - a potion of flight {unknown}


   Skills:
 * Level 1.9 Dodging
 - Level 1.7 Stealth
 * Level 0.5 Shields
 * Level 2.2 Spellcasting
 - Level 0.8 Transmutations
 * Level 3.5 Poison Magic


You had 2 spell levels left.
You knew the following spells:

 Your Spells              Type           Power        Failure   Level
a - Sting                 Tmut/Pois      #...         13%         1
b - Poisonous Vapours     Pois/Air       #.....       24%         2

Your spell library contained the following spells:

 Spells                   Type           Power        Failure   Level
 Ignite Poison            Fire/Tmut/Pois #.......     45%         3
 Mephitic Cloud           Conj/Pois/Air  #.......     52%         3
 Olgreb's Toxic Radiance  Pois           ##......     58%         4


Dungeon Overview and Level Annotations

Branches:
Dungeon (2/15)

Altars:


Innate Abilities, Weirdness & Mutations

You regenerate a little health from kills.


Message History

Casting: Sting (safe; 13% risk of failure)
Confirm with . or Enter, or press ? or * to list all spells.
Aiming: Sting (safe; 13% risk of failure)
Press: ? - help, Shift-Dir - straight line, f/p - adder
Aim: an adder (moderately wounded, poisoned)
You miscast Sting.
You are very lightly contaminated with residual magic.
Nothing appears to happen.
The adder bites you. x2
* * * LOW HITPOINT WARNING * * *
There is an open door here.
The adder barely misses you.
Your magical contamination has completely faded away.
The adder bites you.
* * * LOW HITPOINT WARNING * * *
You are lethally poisoned!
The adder poisons you!
There is a stone staircase leading up here.
It was a potion of stabbing.
You feel ready to backstab.
You die...

........).#
....#...###
..........#
....#####'#####
... #.........#
.. #.#.......#
#.#.......#
#.#S).....#
#.#@#.#####
#.###.# .. #.#
#. #.# #.# #.#
#.# #.# #.#


You could see an adder.

Vanquished Creatures
  3 dart slugs
  A leopard gecko (D:1)
  3 giant cockroaches
  3 goblins
  A hobgoblin (D:2)
11 creatures vanquished.

Notes
Turn   | Place    | Note
-------+----------+-------------------------------------------
     0 | D:1      | BeastOfSaturn the Demonspawn Venom Mage began the quest for
                  | the Orb.
     0 | D:1      | Reached XP level 1. HP: 13/13 MP: 3/3
   465 | D:1      | Gained mutation: You regenerate a little health from kills.
                  | [demonic ancestry]
   465 | D:1      | Reached XP level 2. HP: 19/19 MP: 3/5
   702 | D:1      | Learned a level 2 spell: Poisonous Vapours
   911 | D:2      | Succumbed to an adder's poison

Illustrated notes

Levels and vault maps discovered:
D:1:      matt_arrival_refuge, layout_loops_ring, minmay_tromino_v4_b
D:2:      layout_basic, chequers_ecumenical_altar_grove

Action                   || total
-------------------------++-------
Melee: Unarmed           ||     8
 Cast: Sting             ||    21
  Use: Scroll            ||     2
       Potion            ||     1
 Stab: Sleeping          ||     1
Armor: Robe              ||     1
Dodge: Dodged            ||     8
Block: Buckler           ||     3

Table legend: (Time is in decaauts)
 A = Elapsed time spent in this place.
 B = Non-inter-level travel time spent in this place.
 C = Inter-level travel time spent in this place.
 D = Time resting spent in this place.
 E = Time spent auto-exploring this place.
 F = Levels seen in this place.
 G = Mean time per level.
                   A        B        C        D        E       F      G
               +--------+--------+--------+--------+--------+-----+--------+
         Total |    910 |    870 |     40 |     61 |    697 |   2 |  455.0 |
       Dungeon |    910 |    870 |     40 |     61 |    697 |   2 |  455.0 |
               +--------+--------+--------+--------+--------+-----+--------+

Top non-repeatable levels by time:
     D:1: 742 daAuts
     D:2: 168 daAuts
